 Dungeon Crawl Stone Soup version 0.30-a0-1114-gd936c97349 (webtiles) character file.

Game seed: 10459199696803058078

20382 themarg the Thaumaturge (level 12, -5/91 HPs)
             Began as a Demonspawn Cinder Acolyte on Apr 20, 2023.
             Was an Elder of Ignis.
             Engulfed by a cloud of freezing vapour (15 damage)
             ... on level 2 of the Lair of Beasts.
             The game lasted 00:54:08 (21116 turns).

themarg the Thaumaturge (DsCA)                     Turns: 21116, Time: 00:54:09

Health: -5/91      AC: 12    Str: 16    XL:     12   Next: 44%
Magic:  21/26      EV: 20    Int: 20    God:    Ignis [****..]
Gold:   111        SH:  0    Dex:  8    Spells: 21/31 levels left

rFire   + . .      SeeInvis .    b - +0 hand axe (flame)
rCold   . . .      Faith    .    (no shield)
rNeg    . . .      Spirit   .    y - +0 leather armour {Will+}
rPois   .          Reflect  .    (no helmet)
rElec   .          Rampage  .    J - +2 cloak
rCorr   .                        Y - +0 pair of gloves
Will    +....                    k - +0 pair of boots
Stlth   ++                       (no amulet)
HPRegen 0.35/turn                c - +5 ring of evasion
MPRegen 0.20/turn                Z - +4 ring of protection

@: mighty, slowed, very slow
A: repulsion field 1, foul stench 1, powered by pain 2, weakness stinger 1
a: Renounce Religion, Fiery Armour, Foxfire Swarm, Rising Flame


You were on level 2 of the Lair of Beasts.
You worshipped Ignis.
Ignis was greatly pleased with you.
You visited 3 branches of the dungeon, and saw 14 of its levels.

You collected 795 gold pieces.
You spent 684 gold pieces at shops.

Inventory:

Hand Weapons
 a - the +9 staff of Olgreb {rPois∞}
   (You found it on level 8 of the Dungeon)

   It enhances your poison magic.
   It grants immunity to poison.
   It can be activated via the 'a'bility menu to radiate toxic energy, with
   effectiveness depending on Evocations skill.
 b - a +0 hand axe of flaming (weapon)
Missiles
 d - 129 stones (quivered)
 e - 6 curare-tipped darts
 s - 18 poisoned darts
 H - 2 throwing nets
 R - 3 boomerangs
 W - 3 atropa-tipped darts
Armour
 k - a +0 pair of boots (worn)
 y - a +0 leather armour of willpower (worn)
 J - a +2 cloak (worn)
 Y - a +0 pair of gloves (worn)
Jewellery
 c - a +5 ring of evasion (left hand)
 f - an amulet of guardian spirit
 C - a ring of flight
 G - a +5 ring of evasion
 Q - a ring of see invisible
 Z - a +4 ring of protection (right hand)
Wands
 l - a wand of digging (3)
 u - a wand of flame (4)
 B - a wand of mindburst (11)
 D - a wand of quicksilver (2)
 K - a wand of charming (19)
 T - a wand of iceblast (7)
 X - a wand of polymorph (5)
Scrolls
 g - 3 scrolls of amnesia
 n - 5 scrolls of teleportation
 q - a scroll of blinking {unknown}
 r - a scroll of poison {unknown}
 w - a scroll of vulnerability {unknown}
 z - a scroll of butterflies {unknown}
 A - 2 scrolls of immolation {unknown}
 E - a scroll of fear {unknown}
 F - 3 scrolls of silence
 I - 2 scrolls of noise {unknown}
 M - a scroll of fog
 N - 2 scrolls of enchant weapon {unknown}
 P - a scroll of acquirement {unknown}
 U - a scroll of enchant armour
Potions
 h - 4 potions of brilliance
 i - 4 potions of lignification
 j - a potion of magic {unknown}
 m - 2 potions of cancellation
 o - 3 potions of curing
 p - 4 potions of haste
 t - 4 potions of attraction
 v - 2 potions of ambrosia {unknown}
 x - 3 potions of might
 L - a potion of invisibility
 O - 2 potions of berserk rage {unknown}
 S - a potion of flight {unknown}
 V - a potion of resistance {unknown}


   Skills:
 - Level 7.0 Fighting
 - Level 2.6 Short Blades
 - Level 2.0 Throwing
 - Level 7.0 Dodging
 - Level 3.0 Stealth
 - Level 10.0 Spellcasting
 - Level 6.5 Conjurations
 - Level 6.0 Fire Magic
 - Level 6.5 Ice Magic
 - Level 6.5 Air Magic
 - Level 2.0 Poison Magic
 + Level 4.8 Evocations


You had 21 spell levels left.
You knew the following spells:

 Your Spells              Type           Power      Damage    Failure   Level
a - Scorch                Fire           68%        2d7       1%          2
b - Mephitic Cloud        Conj/Pois/Air  30%        N/A       3%          3
c - Freezing Cloud        Conj/Ice/Air   18%        6-21      16%         5

Your spell library contained the following spells:

 Spells                   Type           Power      Damage    Failure   Level
 Swiftness                Air            36%        N/A       1%          3
 Poisonous Vapours        Pois/Air       54%        N/A       2%          2
 Ensorcelled Hibernation  Hex/Ice        46%        N/A       3%          2
 Volatile Blastmotes      Fire/Tloc      44%        2d13      8%          3
 Apportation              Tloc           20%        N/A       9%          1
 Beastly Appendage        Tmut           20%        N/A       9%          1
 Slow                     Hex            40%        N/A       9%          1
 Passwall                 Tmut/Erth      8%         N/A       13%         2
 Wereblood                Tmut           10%        N/A       13%         2
 Spider Form              Tmut/Pois      14%        N/A       17%         3
 Fulminant Prism          Conj/Hex       11%        3d8       22%         4
 Iskenderun's Mystic Bla  Conj/Tloc      23%        2d6       22%         4
 Confusing Touch          Hex            10%        N/A       26%         3
 Gell's Gravitas          Tloc           10%        N/A       26%         3
 Teleport Other           Tloc           10%        N/A       26%         3
 Vampiric Draining        Necr           10%        2d6       26%         3
 Animate Dead             Necr           10%        N/A       63%         4
 Alistair's Intoxication  Tmut/Pois      9%         N/A       83%         5
 Borgnjor's Vile Clutch   Necr/Erth      5%         N/A       93%         5
 Lee's Rapid Deconstruct  Erth           5%         3d6*      93%         5
 Death Channel            Necr           5%         N/A       100%        6
 Dispersal                Tloc           5%         N/A       100%        6


Dungeon Overview and Level Annotations

Branches:
Dungeon (11/15)            Temple (1/1) D:5            Lair (2/5) D:9
    Orc (0/2) D:10
  Swamp: Lair:2-3    Shoals: Lair:2-3     Snake: Lair:2-3    Spider: Lair:2-3

Altars:
Ashenzari
Cheibriados
Dithmenos
Fedhas
Gozag
Hepliaklqana
Kikubaaqudgha
Makhleb
Nemelex Xobeh
Okawaru
Qazlal
Ru
Sif Muna
Trog
Uskayaw
Vehumet
Wu Jian
Xom
Yredelemnul

Shops:
D:3 !:!*(   D:9 *

Annotations:
D:5 3 runed translucent doors, LobsterGuardian's ghost, novice HOGl
D:8 exclusion: orange demon, Amaemon
D:9 3 runed translucent doors, LobsterGuardian's ghost, novice TrGl


Innate Abilities, Weirdness & Mutations

You are surrounded by a mild repulsion field. (EV +2)
You may rarely emit foul miasma when damaged in melee.
You sometimes gain power by taking damage.
You have a small tail.


Message History

The eight-headed hydra closely misses you.
The eight-headed hydra bites you but does no damage.
The eight-headed hydra bites you!
The eight-headed hydra bites you but does no damage. x2
The eight-headed hydra closely misses you.
The eight-headed hydra bites you!
* * * LOW HITPOINT WARNING * * *
You focus on the pain.
You feel very mighty all of a sudden.
The eight-headed hydra completely misses you.
The wyvern is engulfed in freezing vapours. x2
You kill the wyvern!
The torpor snail is engulfed in freezing vapours.
The torpor snail misses you.
The eight-headed hydra bites you but does no damage.
The eight-headed hydra misses you. The eight-headed hydra bites you!
* * * LOW HITPOINT WARNING * * *
The eight-headed hydra bites you but does no damage. x2
The eight-headed hydra completely misses you.
The eight-headed hydra bites you but does no damage.
The eight-headed hydra barely misses you.
The torpor snail attacks as you move away!
The torpor snail closely misses you.
The torpor snail is engulfed in freezing vapours.
You kill the torpor snail!
The eight-headed hydra completely misses you.
The eight-headed hydra bites you but does no damage.
The eight-headed hydra misses you.
The eight-headed hydra bites you but does no damage.
The eight-headed hydra misses you.
The eight-headed hydra bites you but does no damage.
The eight-headed hydra bites you!
* * * LOW HITPOINT WARNING * * *
The eight-headed hydra bites you but does no damage.
Aiming: Freezing Cloud (dangerous; 16% risk of failure)
Press: ? - help, Dir - move target, f - eight-headed hydra
Aim: an eight-headed hydra (moderately wounded, slow) That beam is likely to hit you.
Continue anyway?
You are engulfed in freezing vapours.
You die...

≈##.# ≈#.. ≈#.# ..#
##....# ..## .......
##☼§# ....[.. ###D§#
#.....# ....... ##§@§§#
# #...... .........
#§§####.## ##......
........######☼§.......
.......
.P..P...##P#.##§.....#.
#.....
.....................#
#.....
.........###P.####...#
#..... .........######
....## ####.....
.........P#
#....###.P#..#..
.........##
#....÷........##


You could see an eight-headed hydra (slow).

Vanquished Creatures
  A hydra (Lair:2)
  4 two-headed ogres
  Sonja (D:11)
  2 bog bodies (Lair:2)
  A deep elf pyromancer (D:9)
  A torpor snail (Lair:2)
  3 black mambas
  2 cane toads (Lair:1)
  6 komodo dragons
  A troll (D:11)
  Prince Ribbit (D:7)
  A hornet (D:10)
  5 blink frogs (Lair:1)
  Sigmund (D:2)
  4 slime creatures (D:11)
  A wraith (D:10)
  3 wyverns
  5 basilisks
  23 yaks
  4 vampire mosquitoes (D:11)
  Menkaure (D:7)
  An acid dragon (D:10)
  2 water moccasins (Lair:1)
  A sky beast (D:8)
  2 orc warriors (D:10)
  A black bear (D:6)
  An ogre (D:4)
  6 centaurs
  A phantom (D:4)
  A kobold brigand (D:9)
  4 bullfrogs
  2 scorpions
  A gnoll sergeant (D:7)
  8 wights
  12 killer bees
  8 howler monkeys
  4 electric eels
  2 gnoll boudas
  2 hounds
  3 jellies
  12 orc priests
  Crazy Yiuf (D:7)
  3 iguanas
  Terence (D:3)
  Jessica (D:3)
  A scorpion zombie (D:5)
  Natasha (thrice) (D:2)
  13 orc wizards
  6 gnolls (D:7)
  14 adders
  An ufetubus (D:7)
  An adder zombie (D:5)
  A worm (D:2)
  2 dart slugs (D:1)
  48 orcs
  8 endoplasms
  4 giant cockroaches
  10 goblins
  11 hobgoblins
  7 jackals
  4 quokkas
  5 ball pythons
  9 bats
  4 frilled lizards
  9 kobolds
  6 rats
318 creatures vanquished.

Vanquished Creatures (others)
  A slime creature (D:11)
  15 fungi
  50 plants
66 creatures vanquished.

Grand Total: 384 creatures vanquished

Notes
Turn   | Place    | Note
-------+----------+-------------------------------------------
     0 | D:1      | themarg the Demonspawn Cinder Acolyte began the quest for
                  | the Orb.
     0 | D:1      | Reached XP level 1. HP: 18/18 MP: 2/2
   153 | D:1      | Gained mutation: You may rarely emit foul miasma when
                  | damaged in melee. [demonic ancestry]
   153 | D:1      | Reached XP level 2. HP: 17/24 MP: 2/4
   156 | D:1      | Learned a level 2 spell: Scorch
   203 | D:1      | Found a faded altar of an unknown god.
   820 | D:1      | Reached skill level 2 in Spellcasting
  1063 | D:2      | Reached XP level 3. HP: 29/29 MP: 1/6
  1194 | D:2      | Noticed Natasha
  1352 | D:2      | Killed Natasha
  1353 | D:2      | Reached XP level 4. HP: 4/35 MP: 0/7
  1534 | D:2      | Noticed Natasha
  1588 | D:2      | Killed Natasha
  1891 | D:2      | Noticed Natasha
  2128 | D:2      | Noticed Sigmund
  2198 | D:2      | Killed Sigmund
  2199 | D:2      | Reached XP level 5. HP: 27/41 MP: 0/8
  2199 | D:2      | Reached XP level 6. HP: 31/47 MP: 0/9
  2588 | D:2      | Killed Natasha
  2835 | D:3      | Found Zeddeqesch's Distillery.
  3008 | D:3      | Bought a potion of degeneration for 14 gold pieces
  3008 | D:3      | Bought a potion of curing for 42 gold pieces
  3141 | D:3      | Noticed Jessica
  3145 | D:3      | Killed Jessica
  3193 | D:3      | Found Qotseriu's General Store.
  3241 | D:3      | Bought a scroll of teleportation for 39 gold pieces
  3523 | D:3      | Found Coecotim's Antique Weapon Shop.
  3651 | D:3      | Found Kal Kaonk's Distillery.
  3713 | D:3      | Found Utanug's Book Shop.
  3797 | D:3      | Found a radiant altar of Vehumet.
  3834 | D:3      | Noticed Terence
  3841 | D:3      | Killed Terence
  3924 | D:3      | Found an opulent altar of Gozag.
  3979 | D:3      | Found a sparkling altar of Nemelex Xobeh.
  4037 | D:3      | Found a snail-covered altar of Cheibriados.
  4407 | D:4      | Reached skill level 3 in Spellcasting
  4435 | D:4      | Gained mutation: You sometimes gain a little power by
                  | taking damage. [demonic ancestry]
  4435 | D:4      | Reached XP level 7. HP: 28/55 MP: 2/11
  4444 | D:4      | Reached skill level 5 in Fighting
  4584 | D:4      | Reached skill level 1 in Stealth
  4662 | D:4      | Reached skill level 1 in Dodging
  5123 | D:3      | Bought a potion of heal wounds for 65 gold pieces
  5123 | D:3      | Bought a potion of brilliance for 52 gold pieces
  6129 | D:5      | Entered Level 5 of the Dungeon
  6517 | D:5      | Reached XP level 8. HP: 62/62 MP: 7/12
  7283 | D:5      | Found a staircase to the Ecumenical Temple.
  7445 | D:5      | Found a runed translucent gate.
  7445 | D:5      | Found a runed translucent gate.
  7445 | D:5      | Found a runed translucent gate.
  7445 | D:5      | Noticed LobsterGuardian's ghost (novice HOGl)
  7448 | D:5      | Found a basalt altar of Yredelemnul.
  7921 | Temple   | Entered the Ecumenical Temple
  9098 | D:6      | Reached skill level 4 in Spellcasting
  9566 | D:7      | Noticed Prince Ribbit
  9570 | D:7      | Killed Prince Ribbit
  9571 | D:7      | Reached skill level 5 in Spellcasting
  9571 | D:7      | Reached skill level 1 in Conjurations
  9571 | D:7      | Reached skill level 1 in Air Magic
  9573 | D:7      | Noticed Menkaure
  9609 | D:7      | Killed Menkaure
  9753 | D:7      | Found a shimmering blue altar of Sif Muna.
  9910 | D:7      | Reached XP level 9. HP: 68/68 MP: 13/16
 10229 | D:6      | HP: 3/63 [wight/+3 flail (1)]
 10819 | D:7      | Found a runed translucent door.
 10820 | D:7      | Noticed Crazy Yiuf
 10827 | D:7      | Killed Crazy Yiuf
 11328 | D:8      | Found the +9 staff of Olgreb {rPois∞}
 11352 | D:8      | Noticed Amaemon
 11352 | D:8      | Noticed an orange demon
 11388 | D:8      | Reached skill level 1 in Poison Magic
 11685 | D:8      | Reached skill level 5 in Conjurations
 11803 | D:8      | Reached skill level 5 in Air Magic
 12036 | D:8      | Reached skill level 5 in Dodging
 12044 | D:8      | Reached skill level 1 in Throwing
 12044 | D:8      | Reached skill level 1 in Evocations
 12461 | D:3      | Bought a potion of invisibility for 104 gold pieces
 12498 | D:3      | Bought a scroll of silence for 123 gold pieces
 12960 | D:9      | Noticed a deep elf pyromancer
 12967 | D:9      | Killed a deep elf pyromancer
 12968 | D:9      | Gained mutation: You sometimes gain power by taking damage.
                  | [demonic ancestry]
 12968 | D:9      | Reached XP level 10. HP: 64/74 MP: 3/17
 12972 | D:9      | Learned a level 3 spell: Mephitic Cloud
 13332 | D:9      | Found a runed translucent gate.
 13332 | D:9      | Found a runed translucent gate.
 13333 | D:9      | Found a runed translucent gate.
 13333 | D:9      | Noticed LobsterGuardian's ghost (novice TrGl)
 13333 | D:9      | Noticed an 11-headed hydra
 13367 | D:9      | Found a staircase to the Lair.
 13404 | D:9      | Found a shadowy altar of Dithmenos.
 13408 | D:9      | Found a hazy altar of Hepliaklqana.
 13762 | D:9      | Found Wufun's General Store.
 14090 | D:9      | Bought a scroll of enchant armour for 105 gold pieces
 14090 | D:9      | Bought a scroll of identify for 28 gold pieces
 14307 | D:10     | Entered Level 10 of the Dungeon
 14724 | D:10     | Reached skill level 5 in Ice Magic
 14862 | D:10     | Noticed a two-headed ogre
 14882 | D:10     | Killed a two-headed ogre
 14883 | D:10     | Reached skill level 6 in Spellcasting
 15638 | D:10     | Found a staircase to the Orcish Mines.
 16516 | D:11     | Noticed a two-headed ogre
 16525 | D:11     | Killed a two-headed ogre
 16733 | D:11     | Gained mutation: You are surrounded by a mild repulsion
                  | field. (EV +2) [demonic ancestry]
 16733 | D:11     | Reached XP level 11. HP: 58/83 MP: 2/20
 16747 | D:11     | Noticed Sonja
 16749 | D:11     | Noticed a two-headed ogre
 16757 | D:11     | Noticed a two-headed ogre
 17003 | D:11     | Killed Sonja
 17088 | D:11     | Killed a two-headed ogre
 17653 | D:11     | Killed a two-headed ogre
 18433 | D:9      | Bought a scroll of identify for 28 gold pieces
 18433 | D:9      | Bought a potion of lignification for 42 gold pieces
 18433 | D:9      | Bought a scroll of teleportation for 42 gold pieces
 18440 | D:9      | Learned a level 5 spell: Freezing Cloud
 18608 | Lair:1   | Entered Level 1 of the Lair of Beasts
 18648 | Lair:1   | Reached skill level 7 in Spellcasting
 19378 | Lair:1   | Reached skill level 8 in Spellcasting
 19390 | Lair:1   | Gained mutation: You have a small tail. [demonic ancestry]
 19390 | Lair:1   | Reached XP level 12. HP: 25/91 MP: 7/24
 19392 | Lair:1   | HP: 3/91 [yak (8)]
 19897 | Lair:1   | Reached skill level 9 in Spellcasting
 20628 | Lair:2   | Noticed a six-headed hydra
 20634 | Lair:2   | Killed a six-headed hydra
 20866 | Lair:2   | Reached skill level 10 in Spellcasting
 21110 | Lair:2   | Noticed an eight-headed hydra
 21116 | Lair:2   | Engulfed by a cloud of freezing vapour

Illustrated notes

Levels and vault maps discovered:
D:1:      heliophobic_arrival_dark_side_of_the_moon, layout_basic,
          hellmonk_ecumenical_altar_defaced_shrine
D:2:      layout_rooms, serial_rivers, chequers_serial_rivers_small_a,
          chequers_serial_rivers_micro_c, chequers_serial_rivers_marsh,
          chequers_serial_rivers_large_a, chequers_serial_rivers_micro_c,
          uniq_natasha, uniq_sigmund
D:3:      layout_basic, nicolae_overflow_quartered_altars, serial_shops, shop,
          shop, shop, shop, shop, uniq_terence, uniq_jessica
D:4:      minmay_chambers_of_threes, layout_gridville
D:5:      layout_layer_cave, nicolae_yredelemnul_ghost_church,
          minmay_temple_entry_statues_pillars
D:6:      layout_cave_pods
D:7:      layout_basic, mainiacjoe_overflow_tiny_flanked, uniq_prince_ribbit1,
          uniq_menkaure, uniq_crazy_yiuf_cottage
D:8:      layout_loops_ring, serial_bayou, serial_bayou_lagoon_a,
          serial_bayou_pond_d, serial_bayou_pond_d, serial_bayou_pond_e,
          uniq_amaemon
D:9:      layout_stronghold, riverfiend_overflow_shadow_ancestor,
          lair_entry_dummy, gammafunk_ghost_hydra_chop, serial_shops,
          nicolae_inconvenience_store
D:10:     layout_basic, minmay_orc_entry_temple_small, grunt_ministairs_15
D:11:     layout_basic, uniq_sonja
Temple:   minmay_temple_curvy_branch
Lair:1:   layout_regular_city
Lair:2:   layout_chaotic_city, nicolae_swamp_entry_splash_gauntlet,
          maelrawn_ghost_gauntlet_escape, minivault_27,
          pdpol_lair_cavern_descent

Skill      XL: |  1  2  3  4  5  6  7  8  9 10 11 12 |
---------------+-------------------------------------+-----
Fire Magic     | 3 4 6 |  6.0
Spellcasting   | 2 3 5 6 8 10 | 10.0
Fighting       | 4 5 6 7 |  7.0
Stealth        | 3 |  3.0
Dodging        | 3 4 5 6 7 |  7.0
Conjurations   | 2 5 6 |  6.5
Air Magic      | 2 5 6 |  6.5
Poison Magic   | 2 |  2.0
Throwing       | 2 |  2.0
Evocations     | 2 4 |  4.8
Ice Magic      | 2 5 6 |  6.5
Short Blades   | |  2.6

Action                     |  1- 3 |  4- 6 |  7- 9 | 10-12 || total
---------------------------+-------+-------+-------+-------++-------
  Melee: Short sword       |    64 |    33 |    15 |       ||   112
         Punch             |     1 |       |       |     1 ||     2
         Dagger            |       |       |    23 |       ||    23
         Staff             |       |       |       |    49 ||    49
         Hand axe          |       |       |       |    67 ||    67
         Tailslap          |       |       |       |     8 ||     8
   Cast: Scorch            |    26 |    69 |   249 |   231 ||   575
         Mephitic Cloud    |       |       |       |    24 ||    24
         Freezing Cloud    |       |       |       |    22 ||    22
 Invoke: Fiery Armour      |     1 |     3 |     1 |       ||     5
Ability: Evoke the Staff o |       |       |       |    12 ||    12
  Evoke: Wand              |       |       |       |    14 ||    14
    Use: Scroll            |       |       |     4 |     8 ||    12
         Potion            |       |       |     1 |     2 ||     3
   Stab: Confused          |       |       |       |     1 ||     1
 Armour: Robe              |     8 |    11 |    10 |    20 ||    49
         Leather armour    |       |       |       |    17 ||    17
  Dodge: Dodged            |    64 |    42 |   105 |   254 ||   465

Table legend: (Time is in decaauts)
 A = Elapsed time spent in this place.
 B = Non-inter-level travel time spent in this place.
 C = Inter-level travel time spent in this place.
 D = Time resting spent in this place.
 E = Time spent auto-exploring this place.
 F = Levels seen in this place.
 G = Mean time per level.
                   A        B        C        D        E       F      G
               +--------+--------+--------+--------+--------+-----+--------+
         Total |  21172 |  19812 |   1360 |   1849 |  15106 |  14 | 1512.3 |
       Dungeon |  18515 |  17206 |   1309 |   1526 |  13172 |  11 | 1683.2 |
        Temple |    250 |    250 |      0 |      0 |    245 |   1 |  250.0 |
          Lair |   2406 |   2355 |     51 |    323 |   1689 |   2 | 1203.0 |
               +--------+--------+--------+--------+--------+-----+--------+

Top non-repeatable levels by time:
    D:10: 2223 daAuts
     D:5: 2087 daAuts
     D:9: 1958 daAuts
  Lair:1: 1901 daAuts
     D:3: 1867 daAuts
    D:11: 1829 daAuts
     D:4: 1553 daAuts
     D:7: 1472 daAuts
     D:1: 1459 daAuts
     D:2: 1441 daAuts
     D:6: 1337 daAuts
     D:8: 1283 daAuts
  Lair:2: 505 daAuts
  Temple: 250 daAuts
